 Dungeon Crawl Stone Soup version 0.29.1-12-g30fa7ad0bf (webtiles) character file.

Game seed: 16156994358184308501

16 H0rd4k the Charlatan (level 2, 0/18 HPs)
             Began as an Octopode Artificer on Dec 15, 2022.
             Succumbed to an adder's poison
             ... on level 2 of the Dungeon.
             The game lasted 00:01:02 (1042 turns).

H0rd4k the Charlatan (Octopode Artificer)           Turns: 1042, Time: 00:01:03

Health: 0/18       AC:  1    Str: 17    XL:     2   Next: 58%
Magic:  4/4        EV: 13    Int: 13    God:
Gold:   53         SH:  0    Dex: 12    Spells: 1/3 levels left

rFire   . . .      SeeInvis .   (no weapon)
rCold   . . .      Faith    .   (no shield)
rNeg    . . .      Spirit   .   (helmet restricted)
rPois   .          Reflect  .   (no amulet)
rElec   .          Harm     .   e - +6 ring of strength
rCorr   .          Rampage  .   (no ring)
Will    .....                   (no ring)
Stlth   +++.......              (no ring)
HPRegen 0.06/turn               (no ring)
MPRegen 0.09/turn               (no ring)
                                (no ring)
                                (no ring)

@: lethally poisoned (0 -> -4)
A: almost no armour, amphibious, 8 rings, camouflage 1, gelatinous body 1,
(nimble swimmer 1), tentacles
a: no special abilities


You were on level 2 of the Dungeon.
You visited 1 branch of the dungeon, and saw 2 of its levels.

You collected 53 gold pieces.

Inventory:

Jewellery
 e - a +6 ring of strength (left tentacle)
Wands
 b - a wand of flame (15) (quivered)
 c - a wand of charming (14)
 d - a wand of iceblast (5)
Scrolls
 a - 2 scrolls of identify {unknown}
 f - a scroll of vulnerability {unknown}


   Skills:
 * Level 1.5 Fighting
 - Level 2.3 Dodging
 - Level 1.3 Stealth
 + Level 0.3 Unarmed Combat
 * Level 1.3 Spellcasting
 - Level 3.2 Evocations


You had one spell level left.
You knew the following spells:

 Your Spells              Type           Power      Damage    Failure   Level
a - Poisonous Vapours     Pois/Air       0%         N/A       38%         2

Your spell library contained the following spells:

 Spells                   Type           Power      Damage    Failure   Level
 Corpse Rot               Necr/Pois/Air  0%         N/A       95%         4


Dungeon Overview and Level Annotations

Branches:
Dungeon (2/15)

Altars:

Shops:
D:1 ?


Innate Abilities, Weirdness & Mutations

You cannot wear most types of armour.
You are amphibious.
You can wear up to eight rings at the same time.
Your skin changes colour to match your surroundings (Stealth+).
Your rubbery body absorbs attacks. (AC +1, EV +1)
((You are camouflaged when in or above water. (Stealth+)))
You have tentacles for arms and can constrict up to eight enemies at once.


Message History

The adder barely misses you. The adder bites you.
There are monsters nearby!
You closely miss the adder. Your grab misses the adder.
The adder barely misses you. The adder closely misses you.
A hobgoblin comes into view.
The adder attacks as you move away! The adder barely misses you.
The adder attacks as you move away! The adder bites you.
The adder attacks as you move away! The adder bites you but does no damage.
The adder barely misses you.
You barely miss the adder. Your grab misses the adder.
The adder bites you but does no damage.
You miss the adder. Your grab misses the adder. Your squeeze misses the adder.
The adder bites you.
You miss the adder. Your grab misses the adder. Your squeeze misses the adder.
The adder completely misses you. The adder bites you.
You tentacle-slap the adder. Your grab misses the adder.
The adder is lightly wounded.
The adder bites you but does no damage.
You closely miss the adder. Your grab misses the adder.
The adder is lightly wounded.
The adder closely misses you.
You closely miss the adder. Your grab misses the adder.
Your squeeze misses the adder.
The adder is lightly wounded.
The adder bites you.
* * * LOW HITPOINT WARNING * * *
You are lethally poisoned!
The adder poisons you!
Aiming: Charm
Press: ? - help, Shift-Dir - straight line, f - adder
Aim: an adder (lightly wounded, chance to affect: 66%)
The adder is charmed.
* * * LOW HITPOINT WARNING * * *
You feel sick. The adder bites your adder. The adder closely misses your adder.
Your adder completely misses the adder.
You aren't carrying any potions.
Unknown command.
You aren't carrying any potions.
Unknown command.
You die...

# ###.#......##
<###.##<..#...#...#.#
........#####......#
####.##..)#...#..#.#
# ###.#g###.....
#.SS# ..... ##S##
..... #.# .... #@#
.... #.# #.. ....
#####


You could see 2 adders, a hobgoblin and a friendly adder (charmed).

Vanquished Creatures
  An endoplasm (D:1)
  A giant cockroach (D:1)
  A goblin (D:1)
  2 hobgoblins (D:1)
  A ball python (D:1)
  2 bats (D:1)
  A frilled lizard (D:1)
  5 kobolds
  3 rats (D:1)
17 creatures vanquished.

Notes
Turn   | Place    | Note
-------+----------+-------------------------------------------
     0 | D:1      | H0rd4k the Octopode Artificer began the quest for the Orb.
     0 | D:1      | Reached XP level 1. HP: 13/13 MP: 1/1
   216 | D:1      | Reached skill level 1 in Spellcasting
   217 | D:1      | Reached XP level 2. HP: 18/18 MP: 3/3
   641 | D:1      | Found Jialoewk's Magic Scroll Shoppe.
   991 | D:1      | Learned a level 2 spell: Poisonous Vapours
  1042 | D:2      | Succumbed to an adder's poison

Illustrated notes

Levels and vault maps discovered:
D:1:      spicycebolla_arrival_clurvy, layout_basic, serial_forest,
          infiniplex_forest_end_3, infiniplex_forest_straight_2,
          infiniplex_forest_zigzag_1, infiniplex_forest_clump_tiny,
          infiniplex_forest_clump_curved, serial_shops, nicolae_lakefront_shop
D:2:      layout_loops_ring, serial_shops, nicolae_lakefront_shop,
          minmay_misc_feat_plants, uniq_sigmund

Skill      XL: |  1 |
---------------+----+-----
Spellcasting   | 1 |  1.3
Fighting       | |  1.5
Dodging        | |  2.3
Stealth        | |  1.3
Unarmed Combat | |  0.3
Evocations     | |  3.2

Action                   || total
-------------------------++-------
Melee: Unarmed           ||    52
       Constrict         ||    12
       Tentacles         ||    10
       Punch             ||     1
Evoke: Wand              ||     1
 Stab: Sleeping          ||     2
Armor: Skin              ||     7
Dodge: Dodged            ||    35
